 Dungeon Crawl Stone Soup version 0.22.0-6-g71bd7aa (webtiles) character file.

8042 tidbits the Protected (level 11, -4/83 HPs)
             Began as a Gnoll Wanderer on Aug 14, 2018.
             Was an Elder of Cheibriados.
             Slain by a porcupine (12 damage)
             ... on level 1 of the Lair of Beasts.
             The game lasted 00:24:41 (2272 turns).

tidbits the Protected (Gnoll Wanderer)              Turns: 2272, Time: 00:24:42

Health: -4/83      AC: 13    Str: 24    XL:     11   Next: 24%
Magic:  20/20      EV: 16    Int: 28    God:    Cheibriados [****..]
Gold:   242        SH:  0    Dex: 25    Spells: 22/22 levels left

rFire    . . .     SeeInvis .   q - +5 flail (freeze) (curse)
rCold    + . .     Gourm    .   (no shield)
rNeg     . . .     Faith    .   B - +4 scale mail {MR+}
rPois    .         Spirit   .   E - +0 helmet
rElec    .         Reflect  .   (no cloak)
rCorr    .         Harm     .   (no gloves)
MR       ++...                  (no boots)
Stlth    ++........             R - amulet of regeneration
HPRegen  0.63/turn              z - ring of protection from cold
MPRegen  0.17/turn              J - ring of protection from magic

@: very slow
A: distributed training, fangs 1, strong nose
a: Bend Time, Temporal Distortion, Slouch, Renounce Religion


You were on level 1 of the Lair of Beasts.
You worshipped Cheibriados.
Cheibriados was greatly pleased with you.
You were hungry.

You visited 3 branches of the dungeon, and saw 12 of its levels.

You collected 242 gold pieces.

Inventory:

Hand Weapons
 a - a +3 dire flail of freezing
   (You took it off a wight on level 7 of the Dungeon)
 b - a +2 hand crossbow
 d - a +0 dagger
 j - a +0 trident
 n - a +2 scimitar of flaming
   (You took it off Erica on level 1 of the Lair of Beasts)
 q - a cursed +5 flail of freezing (weapon)
   (You took it off a wight on level 9 of the Dungeon)
 r - a +5 scimitar
 t - a +1 trident of piercing
   (You took it off an orc warrior on level 9 of the Dungeon)
 u - a +0 shortbow
 A - a cursed +2 battleaxe
 C - a +0 lajatang
 I - a +0 blowgun
Missiles
 h - 120 arrows
 i - 67 bolts
 G - 2 tomahawks (quivered)
Armour
 e - a +0 robe
 p - a +1 robe of cold resistance
   (You took it off Erica on level 1 of the Lair of Beasts)
 B - a +4 scale mail of magic resistance (worn)
   (You took it off Ijyb on level 3 of the Dungeon)
 E - a +0 helmet (worn)
Jewellery
 z - a ring of protection from cold (left hand)
   (You found it on level 7 of the Dungeon)
 J - a ring of protection from magic (right hand)
   (You found it on level 9 of the Dungeon)
 R - an amulet of regeneration (around neck)
   (You found it on level 6 of the Dungeon)
Wands
 k - a wand of polymorph (15)
 o - a wand of enslavement (10)
Scrolls
 f - 4 scrolls of teleportation
 m - a scroll of enchant armour {unknown}
 v - a scroll of fog
 x - a scroll of enchant weapon {unknown}
 y - 2 scrolls of amnesia {unknown}
 D - a scroll of blinking {unknown}
 F - a scroll of brand weapon {unknown}
Potions
 g - 2 potions of curing
 l - a potion of heal wounds {unknown}
 s - 2 potions of berserk rage
 w - 3 potions of brilliance
 H - 2 potions of degeneration
Comestibles
 c - 11 rations


   Skills:
 + Level 6.6 Fighting
 + Level 6.0 Short Blades
 + Level 6.0 Long Blades
 + Level 6.0 Axes
 + Level 6.0 Maces & Flails
 + Level 6.0 Polearms
 + Level 6.0 Staves
 + Level 6.0 Slings
 + Level 6.6 Bows
 + Level 9.0 Crossbows
 + Level 6.0 Throwing
 + Level 9.0 Armour
 + Level 6.0 Dodging
 + Level 6.0 Stealth
 + Level 6.6 Shields
 + Level 6.0 Unarmed Combat
 + Level 6.0 Spellcasting
 + Level 5.0 Conjurations
 + Level 5.0 Hexes
 + Level 5.0 Charms
 + Level 5.0 Summonings
 + Level 5.0 Necromancy
 + Level 5.0 Translocations
 + Level 5.0 Transmutations
 + Level 5.0 Fire Magic
 + Level 5.0 Ice Magic
 + Level 5.0 Air Magic
 + Level 5.0 Earth Magic
 + Level 5.0 Poison Magic
 + Level 6.6 Invocations
 + Level 6.6 Evocations


You had 22 spell levels left.
You didn't know any spells.
Your spell library was empty.

Dungeon Overview and Level Annotations

Branches:
Dungeon (10/15)            Temple (1/1) D:4            Lair (1/6) D:8
    Orc: D:9-12

Altars:
Ashenzari
Cheibriados
Dithmenos
Elyvilon
Fedhas
Gozag
Hepliaklqana
Makhleb
Nemelex Xobeh
Okawaru
Qazlal
Ru
Sif Muna
Trog
Uskayaw
Vehumet
Wu Jian
Xom
Yredelemnul
Zin
The Shining One
Beogh

Annotations:
D:6 3 runed doors, Hosilef's ghost, novice GrFi
D:9 1 runed door, Sqgman's ghost, novice MiFi


Innate Abilities, Weirdness & Mutations

Your experience applies equally to all skills.
You have very sharp teeth.
Your uncanny sense of smell can sniff out nearby items.


Message History

Cheibriados thoroughly appreciates the change of pace.
You feel sick.
You barely miss the yak.
You feel sick. The yak gores you.
* * * LOW HITPOINT WARNING * * *
You hit the yak. You freeze the yak.
The yak is lightly wounded.
You feel sick. The yak completely misses you.
You thump the yak! You freeze the yak!
The yak is severely wounded.
You feel sick. The yak gores you.
* * * LOW HITPOINT WARNING * * *
You sock the yak! You freeze the yak.
The yak is almost dead.
You feel sick. The yak misses you.
You closely miss the yak.
The yak is almost dead.
You feel sick. The yak closely misses you.
You hit the yak. You freeze the yak.
You kill the yak!
Cheibriados appreciates the change of pace.
Your Crossbows skill increases to level 9!
Your Armour skill increases to level 9!
You feel sick.
You feel better. The yak gores you!
* * * LOW HITPOINT WARNING * * *
Unknown command.
You closely miss the yak. The yak gores you.
* * * LOW HITPOINT WARNING * * *
The yak misses you.
You sock the yak! You freeze the yak. You bite the yak, but do no damage.
The yak is moderately wounded.
The yak gores you!
* * * LOW HITPOINT WARNING * * *
You sock the yak! You freeze the yak!
The yak is severely wounded.
The yak barely misses you.
You bludgeon the yak!! You freeze the yak.
You kill the yak!
Cheibriados thoroughly appreciates the change of pace.
Your Short Blades skill increases to level 6!
Your Long Blades skill increases to level 6!
Your Axes skill increases to level 6!
Your Maces & Flails skill increases to level 6!
Your Polearms skill increases to level 6!
Your Staves skill increases to level 6!
Your Slings skill increases to level 6!
Your Throwing skill increases to level 6!
Your Dodging skill increases to level 6!
Your Stealth skill increases to level 6!
Your Unarmed Combat skill increases to level 6!
Your Spellcasting skill increases to level 6!
You hit the yak. You freeze the yak. You bite the yak, but do no damage.
The yak is lightly wounded.
The yak gores you but does no damage.
You barely miss the yak. You bite the yak.
The yak is lightly wounded.
The yak closely misses you. The yak barely misses you.
You barely miss the yak. You bite the yak.
The yak is lightly wounded.
The yak gores you but does no damage.
You thump the yak! You freeze the yak.
The yak is heavily wounded.
The yak gores you.
* * * LOW HITPOINT WARNING * * *
You hit the yak. You freeze the yak.
The yak is severely wounded.
The yak barely misses you.
You hit the yak. You freeze the yak. You bite the yak.
The yak is severely wounded.
The yak gores you.
* * * LOW HITPOINT WARNING * * *
You closely miss the yak.
The yak is severely wounded.
The yak closely misses you.
You sock the yak! You freeze the yak.
You kill the yak!
Cheibriados appreciates the change of pace.
Your Conjurations skill increases to level 5!
Your Hexes skill increases to level 5!
Your Charms skill increases to level 5!
Your Summonings skill increases to level 5!
Your Necromancy skill increases to level 5!
Your Translocations skill increases to level 5!
Your Transmutations skill increases to level 5!
Your Fire Magic skill increases to level 5!
Your Ice Magic skill increases to level 5!
Your Air Magic skill increases to level 5!
Your Earth Magic skill increases to level 5!
Your Poison Magic skill increases to level 5!
Things that are here:
a yak corpse x2; a spiny frog corpse A porcupine comes into view.
You see here a scroll labeled YNNUMNAPSU.
As you read the scroll labeled YNNUMNAPSU, it crumbles to dust.
The scroll dissolves into smoke.
It was a scroll of fog.
Unknown command.
You see here a tomahawk.
G - 2 tomahawks (gained 1)
The porcupine bites you.
* * * LOW HITPOINT WARNING * * *
The porcupine bites you!
You die...

#.. #.. .# .##.. #..
..... .... ∆ ..... ...#
.#.# r#.# .. # .#.### ∆
... # .#§@# ..+## ##
#§#r# ##..# ##.
.#.+##§§§# #...## ##..
.....§§§§# ####.#..##.##.
......§§§###.........##/.
......##.§.'.........###.
......+..###...........#.
........## #.........#...
......## ###'#P.######.


You could see a porcupine.

Vanquished Creatures
  Erica (Lair:1)
  A two-headed ogre (D:8)
  A cyclops (D:8)
  A black mamba (Lair:1)
  A spiny frog (Lair:1)
  A troll (D:9)
  A wyvern (D:9)
  15 yaks
  A water moccasin (D:9)
  5 porcupines
  4 ice beasts
  2 orc warriors
  A sky beast (D:8)
  4 centaurs
  3 crocodiles (D:8)
  A big kobold (D:9)
  A bullfrog (D:7)
  A scorpion (D:9)
  A howler monkey (D:6)
  9 wights
  2 jellies
  2 crimson imps
  2 centaur zombies
  A bullfrog skeleton (D:6)
  6 orc priests
  3 hounds
  Ijyb (D:3)
  An iguana (D:8)
  6 orc wizards
  6 worker ants
  A hound skeleton (D:8)
  An adder (D:3)
  A shadow imp (D:7)
  2 worms
  3 dart slugs
  3 leopard geckos
  20 orcs
  A bat (D:2)
  3 giant cockroaches
  2 hobgoblins
  4 jackals (D:8)
  4 quokkas
  A frilled lizard (D:3)
  A jackal skeleton (D:8)
  5 kobolds (D:9)
  2 rats
139 creatures vanquished.

Vanquished Creatures (collateral kills)
  A crocodile (D:8)
  2 orcs (D:8)
3 creatures vanquished.

Grand Total: 142 creatures vanquished

Notes
Turn   | Place    | Note
-------+----------+-------------------------------------------
     0 | D:1      | tidbits the Gnoll Wanderer began the quest for the Orb.
     0 | D:1      | tidbits set off with: a +2 hand crossbow, 24 bolts, a scroll of teleportation, a potion of lignification, a +0 robe, a ration
     0 | D:1      | Reached XP level 1. HP: 17/17 MP: 2/2
    87 | D:2      | Found a shadowy altar of Dithmenos.
   162 | D:2      | Reached XP level 2. HP: 23/23 MP: 3/3
   202 | D:2      | Reached XP level 3. HP: 18/28 MP: 4/4
   206 | D:2      | Reached skill level 1 in Short Blades
   206 | D:2      | Reached skill level 1 in Long Blades
   206 | D:2      | Reached skill level 1 in Axes
   206 | D:2      | Reached skill level 1 in Maces & Flails
   206 | D:2      | Reached skill level 1 in Polearms
   206 | D:2      | Reached skill level 1 in Staves
   206 | D:2      | Reached skill level 1 in Slings
   206 | D:2      | Reached skill level 1 in Throwing
   206 | D:2      | Reached skill level 1 in Dodging
   206 | D:2      | Reached skill level 1 in Stealth
   206 | D:2      | Reached skill level 1 in Unarmed Combat
   206 | D:2      | Reached skill level 1 in Spellcasting
   206 | D:2      | Reached skill level 1 in Invocations
   206 | D:2      | Reached XP level 4. HP: 23/34 MP: 4/6
   209 | D:2      | Reached skill level 1 in Conjurations
   209 | D:2      | Reached skill level 1 in Hexes
   209 | D:2      | Reached skill level 1 in Charms
   209 | D:2      | Reached skill level 1 in Summonings
   209 | D:2      | Reached skill level 1 in Necromancy
   209 | D:2      | Reached skill level 1 in Translocations
   209 | D:2      | Reached skill level 1 in Transmutations
   209 | D:2      | Reached skill level 1 in Fire Magic
   209 | D:2      | Reached skill level 1 in Ice Magic
   209 | D:2      | Reached skill level 1 in Air Magic
   209 | D:2      | Reached skill level 1 in Earth Magic
   209 | D:2      | Reached skill level 1 in Poison Magic
   306 | D:3      | Noticed Ijyb
   324 | D:3      | Killed Ijyb
   324 | D:3      | Reached XP level 5. HP: 26/40 MP: 7/7
   368 | D:4      | Reached skill level 3 in Fighting
   368 | D:4      | Reached skill level 3 in Bows
   368 | D:4      | Reached skill level 3 in Shields
   368 | D:4      | Reached skill level 3 in Evocations
   383 | D:5      | Entered Level 5 of the Dungeon
   394 | D:4      | Found a staircase to the Ecumenical Temple.
   403 | Temple   | Entered the Ecumenical Temple
   490 | Temple   | Became a worshipper of Cheibriados the Contemplative
   625 | D:6      | Noticed a centaur
   629 | D:6      | Killed a centaur
   629 | D:6      | Reached skill level 2 in Invocations
   629 | D:6      | Reached XP level 6. HP: 38/47 MP: 8/8
   651 | D:6      | Noticed an ice beast
   662 | D:6      | Killed an ice beast
   662 | D:6      | Reached skill level 2 in Short Blades
   662 | D:6      | Reached skill level 2 in Long Blades
   662 | D:6      | Reached skill level 2 in Axes
   662 | D:6      | Reached skill level 2 in Maces & Flails
   662 | D:6      | Reached skill level 2 in Polearms
   662 | D:6      | Reached skill level 2 in Staves
   662 | D:6      | Reached skill level 2 in Slings
   662 | D:6      | Reached skill level 2 in Throwing
   662 | D:6      | Reached skill level 2 in Dodging
   662 | D:6      | Reached skill level 2 in Stealth
   662 | D:6      | Reached skill level 2 in Unarmed Combat
   662 | D:6      | Reached skill level 2 in Spellcasting
   717 | D:6      | Noticed an ice beast
   727 | D:6      | Killed an ice beast
   727 | D:6      | Reached XP level 7. HP: 19/52 MP: 10/10
   762 | D:6      | Found a hide-covered altar of Uskayaw.
   769 | D:6      | Found a runed gate.
   769 | D:6      | Found a runed gate.
   769 | D:6      | Found a runed gate.
   772 | D:6      | Noticed Hosilef's ghost (novice GrFi)
   775 | D:6      | Reached skill level 7 in Crossbows
   775 | D:6      | Reached skill level 7 in Armour
   775 | D:6      | Reached skill level 2 in Conjurations
   775 | D:6      | Reached skill level 2 in Hexes
   775 | D:6      | Reached skill level 2 in Charms
   775 | D:6      | Reached skill level 2 in Summonings
   775 | D:6      | Reached skill level 2 in Necromancy
   775 | D:6      | Reached skill level 2 in Translocations
   775 | D:6      | Reached skill level 2 in Transmutations
   775 | D:6      | Reached skill level 2 in Fire Magic
   775 | D:6      | Reached skill level 2 in Ice Magic
   775 | D:6      | Reached skill level 2 in Air Magic
   775 | D:6      | Reached skill level 2 in Earth Magic
   775 | D:6      | Reached skill level 2 in Poison Magic
   785 | D:6      | Found a roughly hewn altar of Beogh.
   828 | D:6      | Reached skill level 3 in Invocations
   833 | D:6      | Reached * piety under Cheibriados
   917 | D:6      | Found a shimmering altar of Xom.
   917 | D:6      | Found a basalt altar of Yredelemnul.
   917 | D:6      | Found a sparkling altar of Nemelex Xobeh.
   985 | D:7      | Reached XP level 8. HP: 51/60 MP: 12/12
  1062 | D:7      | Reached skill level 4 in Fighting
  1062 | D:7      | Reached skill level 4 in Bows
  1062 | D:7      | Reached skill level 4 in Shields
  1062 | D:7      | Reached skill level 4 in Evocations
  1113 | D:7      | Reached skill level 3 in Short Blades
  1113 | D:7      | Reached skill level 3 in Long Blades
  1113 | D:7      | Reached skill level 3 in Axes
  1113 | D:7      | Reached skill level 3 in Maces & Flails
  1113 | D:7      | Reached skill level 3 in Polearms
  1113 | D:7      | Reached skill level 3 in Staves
  1113 | D:7      | Reached skill level 3 in Slings
  1113 | D:7      | Reached skill level 3 in Throwing
  1113 | D:7      | Reached skill level 3 in Dodging
  1113 | D:7      | Reached skill level 3 in Stealth
  1113 | D:7      | Reached skill level 3 in Unarmed Combat
  1113 | D:7      | Reached skill level 3 in Spellcasting
  1278 | D:8      | Reached ** piety under Cheibriados
  1357 | D:8      | Reached skill level 4 in Invocations
  1364 | D:8      | Reached skill level 3 in Conjurations
  1364 | D:8      | Reached skill level 3 in Hexes
  1364 | D:8      | Reached skill level 3 in Charms
  1364 | D:8      | Reached skill level 3 in Summonings
  1364 | D:8      | Reached skill level 3 in Necromancy
  1364 | D:8      | Reached skill level 3 in Translocations
  1364 | D:8      | Reached skill level 3 in Transmutations
  1364 | D:8      | Reached skill level 3 in Fire Magic
  1364 | D:8      | Reached skill level 3 in Ice Magic
  1364 | D:8      | Reached skill level 3 in Air Magic
  1364 | D:8      | Reached skill level 3 in Earth Magic
  1364 | D:8      | Reached skill level 3 in Poison Magic
  1444 | D:9      | Noticed a wyvern
  1454 | D:9      | Killed a wyvern
  1454 | D:9      | Reached XP level 9. HP: 45/66 MP: 14/14
  1473 | D:10     | Entered Level 10 of the Dungeon
  1501 | D:9      | Noticed a troll
  1511 | D:9      | Killed a troll
  1511 | D:9      | Reached skill level 4 in Short Blades
  1511 | D:9      | Reached skill level 4 in Long Blades
  1511 | D:9      | Reached skill level 4 in Axes
  1511 | D:9      | Reached skill level 4 in Maces & Flails
  1511 | D:9      | Reached skill level 4 in Polearms
  1511 | D:9      | Reached skill level 4 in Staves
  1511 | D:9      | Reached skill level 4 in Slings
  1511 | D:9      | Reached skill level 4 in Throwing
  1511 | D:9      | Reached skill level 4 in Dodging
  1511 | D:9      | Reached skill level 4 in Stealth
  1511 | D:9      | Reached skill level 4 in Unarmed Combat
  1511 | D:9      | Reached skill level 4 in Spellcasting
  1616 | D:9      | Reached skill level 5 in Fighting
  1616 | D:9      | Reached skill level 5 in Bows
  1616 | D:9      | Reached skill level 5 in Shields
  1616 | D:9      | Reached skill level 5 in Evocations
  1618 | D:9      | Reached *** piety under Cheibriados
  1677 | D:9      | Found a runed door.
  1677 | D:9      | Noticed Sqgman's ghost (novice MiFi)
  1682 | D:9      | Found a white marble altar of Elyvilon.
  1750 | D:8      | Noticed a cyclops
  1750 | D:8      | Noticed a two-headed ogre
  1755 | D:8      | Killed a two-headed ogre
  1755 | D:8      | Reached skill level 8 in Crossbows
  1755 | D:8      | Reached skill level 8 in Armour
  1755 | D:8      | Reached skill level 5 in Invocations
  1761 | D:8      | Killed a cyclops
  1761 | D:8      | Reached skill level 4 in Conjurations
  1761 | D:8      | Reached skill level 4 in Hexes
  1761 | D:8      | Reached skill level 4 in Charms
  1761 | D:8      | Reached skill level 4 in Summonings
  1761 | D:8      | Reached skill level 4 in Necromancy
  1761 | D:8      | Reached skill level 4 in Translocations
  1761 | D:8      | Reached skill level 4 in Transmutations
  1761 | D:8      | Reached skill level 4 in Fire Magic
  1761 | D:8      | Reached skill level 4 in Ice Magic
  1761 | D:8      | Reached skill level 4 in Air Magic
  1761 | D:8      | Reached skill level 4 in Earth Magic
  1761 | D:8      | Reached skill level 4 in Poison Magic
  1761 | D:8      | Reached XP level 10. HP: 13/74 MP: 15/17
  1862 | D:8      | Reached skill level 5 in Short Blades
  1862 | D:8      | Reached skill level 5 in Long Blades
  1862 | D:8      | Reached skill level 5 in Axes
  1862 | D:8      | Reached skill level 5 in Maces & Flails
  1862 | D:8      | Reached skill level 5 in Polearms
  1862 | D:8      | Reached skill level 5 in Staves
  1862 | D:8      | Reached skill level 5 in Slings
  1862 | D:8      | Reached skill level 5 in Throwing
  1862 | D:8      | Reached skill level 5 in Dodging
  1862 | D:8      | Reached skill level 5 in Stealth
  1862 | D:8      | Reached skill level 5 in Unarmed Combat
  1862 | D:8      | Reached skill level 5 in Spellcasting
  1909 | D:8      | Found a staircase to the Lair.
  1962 | D:8      | Reached **** piety under Cheibriados
  1975 | D:8      | Reached skill level 6 in Fighting
  1975 | D:8      | Reached skill level 6 in Bows
  1975 | D:8      | Reached skill level 6 in Shields
  1975 | D:8      | Reached skill level 6 in Evocations
  2051 | Lair:1   | Entered Level 1 of the Lair of Beasts
  2095 | Lair:1   | Reached skill level 6 in Invocations
  2138 | Lair:1   | Noticed a black mamba
  2146 | Lair:1   | Killed a black mamba
  2179 | Lair:1   | Noticed Erica
  2188 | Lair:1   | Killed Erica
  2188 | Lair:1   | Reached XP level 11. HP: 83/83 MP: 19/19
  2251 | Lair:1   | Reached skill level 9 in Crossbows
  2251 | Lair:1   | Reached skill level 9 in Armour
  2254 | Lair:1   | HP: 6/83 [yak (13)]
  2256 | Lair:1   | Reached skill level 6 in Short Blades
  2256 | Lair:1   | Reached skill level 6 in Long Blades
  2256 | Lair:1   | Reached skill level 6 in Axes
  2256 | Lair:1   | Reached skill level 6 in Maces & Flails
  2256 | Lair:1   | Reached skill level 6 in Polearms
  2256 | Lair:1   | Reached skill level 6 in Staves
  2256 | Lair:1   | Reached skill level 6 in Slings
  2256 | Lair:1   | Reached skill level 6 in Throwing
  2256 | Lair:1   | Reached skill level 6 in Dodging
  2256 | Lair:1   | Reached skill level 6 in Stealth
  2256 | Lair:1   | Reached skill level 6 in Unarmed Combat
  2256 | Lair:1   | Reached skill level 6 in Spellcasting
  2260 | Lair:1   | HP: 7/83 [yak (3)]
  2264 | Lair:1   | Reached skill level 5 in Conjurations
  2264 | Lair:1   | Reached skill level 5 in Hexes
  2264 | Lair:1   | Reached skill level 5 in Charms
  2264 | Lair:1   | Reached skill level 5 in Summonings
  2264 | Lair:1   | Reached skill level 5 in Necromancy
  2264 | Lair:1   | Reached skill level 5 in Translocations
  2264 | Lair:1   | Reached skill level 5 in Transmutations
  2264 | Lair:1   | Reached skill level 5 in Fire Magic
  2264 | Lair:1   | Reached skill level 5 in Ice Magic
  2264 | Lair:1   | Reached skill level 5 in Air Magic
  2264 | Lair:1   | Reached skill level 5 in Earth Magic
  2264 | Lair:1   | Reached skill level 5 in Poison Magic
  2271 | Lair:1   | HP: 7/83 [porcupine (6)]
  2272 | Lair:1   | Slain by a porcupine

Skill      XL: |  1  2  3  4  5  6  7  8  9 10 11 |
---------------+----------------------------------+-----
Short Blades   | 1 2 3 4 5 6 |  6.0
Long Blades    | 1 2 3 4 5 6 |  6.0
Axes           | 1 2 3 4 5 6 |  6.0
Maces & Flails | 1 2 3 4 5 6 |  6.0
Polearms       | 1 2 3 4 5 6 |  6.0
Staves         | 1 2 3 4 5 6 |  6.0
Slings         | 1 2 3 4 5 6 |  6.0
Throwing       | 1 2 3 4 5 6 |  6.0
Dodging        | 1 2 3 4 5 6 |  6.0
Stealth        | 1 2 3 4 5 6 |  6.0
Unarmed Combat | 1 2 3 4 5 6 |  6.0
Spellcasting   | 1 2 3 4 5 6 |  6.0
Invocations    | 1 2 3 4 5 6 |  6.6
Conjurations   | 1 2 3 4 5 |  5.0
Hexes          | 1 2 3 4 5 |  5.0
Charms         | 1 2 3 4 5 |  5.0
Summonings     | 1 2 3 4 5 |  5.0
Necromancy     | 1 2 3 4 5 |  5.0
Translocations | 1 2 3 4 5 |  5.0
Transmutations | 1 2 3 4 5 |  5.0
Fire Magic     | 1 2 3 4 5 |  5.0
Ice Magic      | 1 2 3 4 5 |  5.0
Air Magic      | 1 2 3 4 5 |  5.0
Earth Magic    | 1 2 3 4 5 |  5.0
Poison Magic   | 1 2 3 4 5 |  5.0
Fighting       | 3 4 5 6 |  6.6
Bows           | 3 4 5 6 |  6.6
Shields        | 3 4 5 6 |  6.6
Evocations     | 3 4 5 6 |  6.6
Crossbows      | 7 8 9 |  9.0
Armour         | 7 8 9 |  9.0

Action                   |  1- 3 |  4- 6 |  7- 9 | 10-12 || total
-------------------------+-------+-------+-------+-------++-------
Melee: Dagger            |       |     7 |    10 |       ||    17
       Bite              |       |     3 |    21 |    27 ||    51
       Unarmed           |       |     1 |    22 |       ||    23
       Trident           |       |     3 |       |       ||     3
       Flail             |       |       |    19 |   129 ||   148
       Lajatang          |       |       |    27 |       ||    27
       Dire flail        |       |       |    63 |    17 ||    80
       Punch             |       |       |     1 |     7 ||     8
 Fire: Hand crossbow     |    23 |    60 |   105 |    21 ||   209
Throw: Tomahawk          |       |       |       |     3 ||     3
Evoke: Wand              |       |     5 |     4 |     6 ||    15
  Use: Potion            |     2 |     1 |     1 |     2 ||     6
       Scroll            |       |       |     3 |     4 ||     7
 Stab: Paralysed         |       |     7 |     8 |     2 ||    17
       Sleeping          |       |       |     1 |     1 ||     2
       Betrayed ally     |       |       |       |     1 ||     1
  Eat: Chunk             |       |       |     1 |     1 ||     2
Armor: Ring mail         |     2 |       |       |       ||     2
       Skin              |     6 |     5 |    18 |       ||    29
       Scale mail        |       |    15 |    81 |    42 ||   138
Dodge: Dodged            |     4 |    15 |   115 |   105 ||   239

Table legend:
 A = Turns spent in this place as a percentage of turns spent in the entire game.
 B = Non-inter-level travel turns spent in this place as a percentage of non-inter-level travel turns spent in the entire game.
 C = Inter-level travel turns spent in this place as a percentage of turns spent in this place.
 D = Turns resting spent in this place as a percentage of non-inter-level travel turns spent in this place.
 E = Turns spent auto-exploring this place as a percentage of non-inter-level travel turns spent in this place.
 F = Non-inter-level travel turns spent in this place divided by the number of levels of this place that you've seen.
                   A       B       C       D       E      F
               +-------+-------+-------+-------+-------+----------------------
         Total | 100.0 | 100.0 |   1.1 |   0.0 |   0.0 | 187.2
       Dungeon |  85.8 |  86.2 |   0.7 |   0.0 |   0.0 | 193.6
        Temple |   4.4 |   4.0 |  11.9 |   0.0 |   0.0 |  89.0
          Lair |   9.7 |   9.8 |   0.0 |   0.0 |   0.0 | 221.0
               +-------+-------+-------+-------+-------+----------------------

Table legend:
 A = Kills in this place as a percentage of kills in entire the game.
 B = Kills by you in this place as a percentage of kills by you in the entire game.
 C = Kills by friends in this place as a percentage of kills by friends in the entire game.
 D = Other kills in this place as a percentage of other kills in the entire game.
 E = Experience gained in this place as a percentage of experience gained in the entire game.
 F = Experience gained in this place divided by the number of levels of this place that you have seen.
                   A       B       C       D       E      F
               +-------+-------+-------+-------+-------+----------------------
         Total | 100.0 | 100.0 | 100.0 |   N/A | 100.0 | 957.4
       Dungeon |  89.4 |  89.2 | 100.0 |   N/A |  64.1 | 736.8
          Lair |  10.6 |  10.8 |   0.0 |   N/A |  35.9 | 4121.0
               +-------+-------+-------+-------+-------+----------------------

Vault maps used:
D:1:      minmay_arrival_diagonal_passages
D:2:      grunt_dithmenos_smoke_and_mirrors,
          chequers_ecumenical_altar_simple_redux
D:3:      uniq_jessica, uniq_ijyb, uniq_robin
D:4:      cheibrodos_quashed, temple_statues, serial_glass, glass_columns_a,
          glass_columns_a, glass_columns_c, glass_columns_a, glass_columns_c,
          glass_columns_b, first_ration, serial_shops, shop
D:5:      cheibrodos_fzero
D:6:      gammafunk_temple_overflow_claw, biasface_ghost_orc_armoury,
          basic_altar
D:8:      minmay_lair_entry_grove
D:9:      kiku_gazebo_garden_becter, nicolae_overflow_hidden_temple,
          orc_0_dummy, serial_corexii_hall, corexii_hall_statues_l,
          corexii_hall_statues_i, hellmonk_ghost_happy_afterlife, basic_altar
D:10:     minmay_the_grid_plus_closed, serial_ice, serial_ice_a, serial_ice_h,
          serial_ice_g, serial_ice_f
Temple:   eino_temple_scatter_basement
Lair:1:   minivault_23, grunt_megastairs_5, uniq_nergalle, uniq_erica,
          uniq_fannar
